 Dungeon Crawl Stone Soup version 0.26-a0-812-g31a745ddcd (webtiles) character file.

Game seed: 11397948238849312647

1507 Dracia the Slicer (level 9, -4/45 HPs)
             Began as a Kobold Enchanter on Nov 29, 2020.
             Was an Initiate of Dithmenos.
             Slain by an orc priest
             ... wielding a +0 dagger
              (5 damage)
             ... on level 5 of the Dungeon.
             The game lasted 00:21:56 (8065 turns).

Dracia the Slicer (Kobold Enchanter)                Turns: 8065, Time: 00:21:56

Health: -4/45      AC:  7    Str:  6    XL:     9   Next: 9%
Magic:  4/12       EV: 15    Int: 19    God:    Dithmenos [......]
Gold:   271        SH:  0    Dex: 17    Spells: 3/12 levels left

rFire    . . .     SeeInvis .   k - +3 dagger
rCold    . . .     Faith    .   (shield restricted)
rNeg     . . .     Spirit   .   b - +0 robe
rPois    +         Reflect  .   p - +1 helmet
rElec    .         Harm     .   q - +2 cloak
rCorr    .         Rampage  .   (no gloves)
MR       .....                  (no boots)
Stlth    ++++++....             (no amulet)
HPRegen  0.15/turn              i - ring of stealth
MPRegen  0.13/turn              (no ring)

@: confusing touch
A: small, clever 1, nightstalker 3, sense surroundings 1, poison resistance,
evolution 1
a: Renounce Religion


You were on level 5 of the Dungeon.
You worshipped Dithmenos.
Dithmenos was noncommittal.
You visited 2 branches of the dungeon, and saw 6 of its levels.
You also visited: Sewer.

You collected 271 gold pieces.


Innate Abilities, Weirdness & Mutations

You are small and have problems with some larger weapons.
You are completely attuned to the shadows.
Your mind is acute. (Int +2)
You passively map a small area around you.
Your system is resistant to poisons. (rPois)
You evolve.


   Skills:
 * Level 9.5 Short Blades
 - Level 2.4 Dodging
 - Level 7.0 Stealth
 - Level 2.1 Spellcasting
 - Level 7.0 Hexes
 + Level 2.6 Evocations


You had 3 spell levels left.
You knew the following spells:

 Your Spells              Type           Power        Failure   Level
a - Corona                Hex            ####...      1%          1
b - Ensorcelled Hibernat  Hex/Ice        ###...       6%          2
c - Confusing Touch       Hex            ####....     2%          3
d - Tukima's Dance        Hex            ####....     2%          3

Your spell library contained the following spells:

 Spells                   Type           Power        Failure   Level
 Dazzling Flash           Conj/Hex       ###...       12%         3

Inventory:

Hand Weapons
 a - a +2 dagger
 k - a +3 dagger (weapon)
Armour
 b - a +0 robe (worn)
 p - a +1 helmet (worn)
 q - a +2 cloak (worn)
Jewellery
 i - a ring of stealth (left hand)
Wands
 h - a wand of flame (27)
 s - a wand of acid (4)
 t - a wand of polymorph (5)
 u - a wand of iceblast (10)
Scrolls
 d - a scroll of random uselessness {unknown}
 e - 3 scrolls of immolation {!r}
 f - 2 scrolls of noise {!r}
 g - 5 scrolls of remove curse
 j - 6 scrolls of identify
 m - 2 scrolls of amnesia
 n - a scroll of enchant armour
 o - 2 scrolls of teleportation
 v - a scroll of brand weapon {unknown}
 w - a scroll of fog
Potions
 c - 3 potions of curing
 l - a potion of brilliance
 r - a potion of attraction {!q}

Dungeon Overview and Level Annotations

Branches:
Dungeon (5/15)             Temple (1/1) D:5           Sewer (visited)

Altars:
Cheibriados
Dithmenos
Elyvilon
Fedhas
Gozag
Hepliaklqana
Kikubaaqudgha
Nemelex Xobeh
Okawaru
Qazlal
Ru
Trog
Vehumet
Wu Jian
Xom
Yredelemnul
Zin

Shops:
D:3

*
##.###..#..........#
#...
###.###...####.....##
#...
......#...#####...##
#.#.
..............##.##
#.##
..#.#.#...###.##.#
#.# ..#.......#
#.##.# #.#
....#.#...# #.##.#
#.##
..#.#.....###.##)#
#..#
..#.#.........##K#
##.#
..#.###...#####oo.#*
#.# ..#.##.....##
#.....* #.#
#...........###>....#
#####..
.............####...#
#......
.............'.... ,
, ,.......
####.........####.
#.###.. # ##.......##
# ##.. #...[.##
*,*#...


You could see 2 orc priests.


Message History

The jackal bites you but does no damage.
You hit the jackal.
You kill the jackal!
Dithmenos accepts your kill.
Your hands begin to glow red.
The orc priest invokes the aid of Beogh against you.
Pain shoots through your body!
* * * LOW HITPOINT WARNING * * *
You hit the orc priest but do no damage.
The orc priest appears confused.
You catch the helpless orc priest completely off-guard!
You impale the orc priest!!
You kill the orc priest!
Dithmenos accepts your kill.
Unknown command.
The orc priest hits you with a +0 whip.
* * * LOW HITPOINT WARNING * * *
The orc priest mumbles some strange prayers to Beogh against you.
You struggle to resist.
Items here: ) [ †††.
Your hands begin to glow red.
The orc priest mumbles some strange prayers to Beogh against you.
Beogh smites you!
* * * LOW HITPOINT WARNING * * *
The orc priest barely misses you.
You hit the orc priest but do no damage.
The orc priest hits you with a +0 whip!
* * * LOW HITPOINT WARNING * * *
The orc priest hits you with a +0 dagger.
You die...

Action                   |  1- 3 |  4- 6 |  7- 9 || total
-------------------------+-------+-------+-------++-------
Melee: Dagger            |   132 |   216 |   174 ||   522
 Cast: Corona            |     2 |     1 |       ||     3
       Ensorcelled Hiber |       |    11 |     2 ||    13
       Confusing Touch   |       |     3 |    21 ||    24
  Use: Scroll            |     2 |    12 |       ||    14
       Potion            |       |     3 |     1 ||     4
 Stab: Sleeping          |    13 |    38 |    23 ||    74
       Confused          |       |     2 |    23 ||    25
Armor: Robe              |    20 |    31 |    28 ||    79
Dodge: Dodged            |    96 |   104 |    91 ||   291

Levels and vault maps discovered:
D:1:      lemuel_arrival_cross, layout_basic
D:2:      layout_basic, lemuel_coloured_pillars_altar, lemuel_doored_altar,
          marbit_many_paths
D:3:      layout_basic, nicolae_gozag_zags_fifth_avenue, gup_sewer_entry_pipe,
          uniq_ijyb
D:4:      layout_gridville, elyvilon_altar_5, fedhas_ov_isle_minmay,
          uniq_eustachio, uniq_blork_the_orc, uniq_crazy_yiuf_cottage
D:5:      layout_loops_corners, old_standard_altar,
          nicolae_qazlal_style_of_elements, minmay_temple_entry_large_hall,
          basic_altar
Temple:   minmay_temple_bridge_abc

Notes
Turn   | Place    | Note
-------+----------+-------------------------------------------
     0 | D:1      | Dracia the Kobold Enchanter began the quest for the Orb.
     0 | D:1      | Reached XP level 1. HP: 10/10 MP: 3/3
   454 | D:1      | Reached skill level 2 in Short Blades
   454 | D:1      | Reached XP level 2. HP: 15/15 MP: 5/5
  1116 | D:1      | Reached XP level 3. HP: 19/19 MP: 6/6
  1635 | D:2      | Found an iron altar of Okawaru.
  1677 | D:2      | Reached skill level 4 in Hexes
  1690 | D:2      | Learned a level 2 spell: Ensorcelled Hibernation
  1694 | D:2      | Learned a level 3 spell: Confusing Touch
  1726 | D:2      | Found a shimmering altar of Xom.
  1737 | D:2      | Reached XP level 4. HP: 24/24 MP: 7/7
  1897 | D:2      | Reached skill level 3 in Short Blades
  2476 | D:2      | Found a hazy altar of Hepliaklqana.
  2594 | D:2      | Reached XP level 5. HP: 28/28 MP: 8/8
  3404 | D:3      | Found a glowing drain.
  3422 | Sewer    | Entered a sewer
  3626 | Sewer    | Noticed a water moccasin
  3633 | Sewer    | Killed a water moccasin
  3633 | Sewer    | Reached skill level 4 in Short Blades
  3633 | Sewer    | Reached skill level 5 in Hexes
  3633 | Sewer    | Reached XP level 6. HP: 26/32 MP: 4/9
  3747 | Sewer    | Gained mutation: You evolve. [potion of mutation]
  3747 | Sewer    | Gained mutation: Your mind is acute. (Int +2) [potion of
                  | mutation]
  4038 | D:3      | Noticed Ijyb
  4059 | D:3      | Killed Ijyb
  4252 | D:3      | Gained mutation: You passively map a small area around you.
                  | [evolution]
  4403 | D:3      | Found Gozag's Platinum Reserve.
  4521 | D:3      | Found an opulent altar of Gozag.
  4902 | D:4      | Reached skill level 6 in Hexes
  4934 | D:4      | Noticed Blork the orc
  5251 | D:4      | Reached skill level 5 in Short Blades
  5251 | D:4      | Reached XP level 7. HP: 36/36 MP: 10/10
  5340 | D:4      | Found a white marble altar of Elyvilon.
  5344 | D:4      | Noticed Eustachio
  5355 | D:4      | Killed Eustachio
  5585 | D:4      | Reached skill level 6 in Short Blades
  5585 | D:4      | Reached skill level 7 in Hexes
  5757 | D:4      | Reached skill level 5 in Stealth
  5757 | D:4      | Reached XP level 8. HP: 5/41 MP: 8/11
  6056 | D:4      | Reached skill level 7 in Short Blades
  6099 | D:4      | Killed Blork the orc
  6257 | D:4      | Found a runed translucent door.
  6260 | D:4      | Noticed Crazy Yiuf
  6270 | D:4      | Killed Crazy Yiuf
  6421 | D:4      | Reached skill level 6 in Stealth
  6678 | D:4      | Found a blossoming altar of Fedhas.
  6864 | D:5      | Entered Level 5 of the Dungeon
  6872 | D:5      | Reached skill level 8 in Short Blades
  6895 | D:5      | Reached skill level 7 in Stealth
  7029 | D:5      | Noticed an air elemental
  7036 | D:5      | Found a basalt altar of Yredelemnul.
  7092 | D:5      | Gained mutation: Your system is resistant to poisons.
                  | (rPois) [evolution]
  7163 | D:5      | Found a stormy altar of Qazlal.
  7163 | D:5      | Noticed a water elemental
  7166 | D:5      | Noticed a fire elemental
  7304 | D:5      | Found a bloodstained altar of Trog.
  7365 | D:5      | Found a staircase to the Ecumenical Temple.
  7367 | D:5      | Reached skill level 1 in Evocations
  7383 | D:5      | Reached skill level 9 in Short Blades
  7390 | D:5      | Reached skill level 2 in Evocations
  7390 | D:5      | Reached XP level 9. HP: 32/45 MP: 5/12
  7402 | Temple   | Entered the Ecumenical Temple
  7512 | Temple   | Became a worshipper of Dithmenos the Shadowed
  7789 | D:5      | Learned a level 3 spell: Tukima's Dance
  8065 | D:5      | HP: 1/45 [orc priest/+0 whip (7)]
  8065 | D:5      | Slain by an orc priest

Vanquished Creatures
  Eustachio (D:4)
  A water moccasin (Sewer)
  2 phantoms (D:4)
  An ogre (D:4)
  2 centaurs (D:5)
  Blork the orc (D:4)
  A scorpion (D:5)
  A howler monkey (D:4)
  A hound (D:4)
  A quasit (D:5)
  2 orc priests (D:5)
  Crazy Yiuf (D:4)
  A bullfrog skeleton (D:4)
  2 centaur skeletons (D:4)
  2 orc wizards (D:5)
  Ijyb (D:3)
  4 worker ants
  A hound zombie (D:5)
  A worker ant zombie (D:5)
  4 gnolls (D:5)
  7 adders
  2 shadow imps
  A white imp (D:5)
  An ooze (D:1)
  3 worms
  3 dart slugs
  11 leopard geckos
  8 orcs
  A ball python (D:1)
  2 giant cockroaches
  13 hobgoblins
  10 jackals
  3 quokkas
  8 bats
  8 frilled lizards
  A giant cockroach zombie (D:5)
  7 goblins
  A jackal skeleton (D:4)
  10 kobolds
  A leopard gecko skeleton (D:4)
  8 rats
140 creatures vanquished.

Vanquished Creatures (others)
  2 plants (D:4)
2 creatures vanquished.

Grand Total: 142 creatures vanquished
